 Dungeon Crawl Stone Soup version 0.29.1-1-gd02db6906a (webtiles) character file.

Game seed: 3573602305492065448

217 juncz the Chiller (level 5, -5/38 HPs)
             Began as a Gnoll Ice Elementalist on Sept 27, 2022.
             Slain by a gnoll
             ... wielding a +0 flail
              (8 damage)
             ... on level 4 of the Dungeon.
             The game lasted 00:04:28 (3421 turns).

juncz the Chiller (Gnoll Ice Elementalist)          Turns: 3421, Time: 00:04:28

Health: -5/38      AC:  3    Str:  7    XL:     5   Next: 94%
Magic:  7/12       EV: 13    Int: 22    God:
Gold:   154        SH:  0    Dex: 13    Spells: 7/14 levels left

rFire   . . .      SeeInvis .   i - +2 whip (pain)
rCold   . . .      Faith    .   (no shield)
rNeg    . . .      Spirit   .   a - +0 robe
rPois   .          Reflect  .   (no helmet)
rElec   .          Harm     .   (no cloak)
rCorr   .          Rampage  .   (no gloves)
Will    .....                   k - +0 pair of boots
Stlth   +++.......              (no amulet)
HPRegen 0.12/turn               n - +6 ring of intelligence
MPRegen 0.13/turn               (no ring)

@: very slightly contaminated
A: fangs 1, strong nose, distributed training
a: no special abilities


You were on level 4 of the Dungeon.
You visited 1 branch of the dungeon, and saw 4 of its levels.

You collected 154 gold pieces.

Inventory:

Hand Weapons
 d - a +0 dagger
 i - a +2 whip of pain (weapon)
Armour
 a - a +0 robe (worn)
 k - a +0 pair of boots (worn)
Magical Staves
 t - a staff of air
Jewellery
 n - a +6 ring of intelligence (left hand)
 q - a +4 ring of protection
Scrolls
 e - a scroll of amnesia {unknown}
 h - 2 scrolls of blinking {unknown}
 j - 4 scrolls of identify {unknown}
 p - 2 scrolls of teleportation {unknown}
 r - 3 scrolls of immolation {unknown}
 s - 2 scrolls of fear {unknown}
 w - 2 scrolls of acquirement {unknown}
Potions
 b - a potion of magic
 c - a potion of invisibility {unknown}
 f - 2 potions of flight {unknown}
 g - 2 potions of lignification {unknown}
 l - a potion of heal wounds {unknown}
 m - 2 potions of cancellation {unknown}
 o - 2 potions of attraction {unknown}
 u - a potion of brilliance {unknown}
 v - a potion of degeneration {unknown}
 x - a potion of haste {unknown}


   Skills:
 + Level 1.8 Fighting
 + Level 1.8 Short Blades
 + Level 1.8 Long Blades
 + Level 1.8 Axes
 + Level 1.8 Maces & Flails
 + Level 1.8 Polearms
 + Level 1.8 Staves
 + Level 1.8 Ranged Weapons
 + Level 1.8 Throwing
 + Level 1.8 Armour
 + Level 4.9 Dodging
 + Level 4.5 Stealth
 + Level 1.8 Shields
 + Level 1.8 Unarmed Combat
 + Level 5.3 Spellcasting
 + Level 1.4 Conjurations
 + Level 1.4 Hexes
 + Level 1.4 Summonings
 + Level 1.4 Necromancy
 + Level 1.4 Translocations
 + Level 1.4 Transmutations
 + Level 1.4 Fire Magic
 + Level 7.2 Ice Magic
 + Level 1.4 Air Magic
 + Level 1.4 Earth Magic
 + Level 1.4 Poison Magic
 + Level 2.0 Invocations
 + Level 1.8 Evocations


You had 7 spell levels left.
You knew the following spells:

 Your Spells              Type           Power      Damage    Failure   Level
a - Freeze                Ice            100%       1d11      1%          1
b - Frozen Ramparts       Ice            74%        1d12      1%          3
c - Ozocubu's Armour      Ice            37%        N/A       1%          3

Your spell library contained the following spells:

 Spells                   Type           Power      Damage    Failure   Level
 Blink                    Tloc           24%        N/A       9%          2
 Hailstorm                Conj/Ice       24%        3d7       16%         4
 Lesser Beckoning         Tloc           12%        N/A       17%         3
 Manifold Assault         Tloc           12%        N/A       83%         5


Dungeon Overview and Level Annotations

Branches:
Dungeon (4/15)             Temple (0/1) D:4

Altars:

Annotations:
D:4 Ijyb


Innate Abilities, Weirdness & Mutations

You have very sharp teeth.
Your uncanny sense of smell can sniff out nearby items.
Your experience applies equally to all skills.


Message History

Found 6 stones.
The gnoll bouda shouts!
You hear a shout! x2; You hear an angry hiss.
A goblin comes into view. It is wielding a +0 club.
You hear a shout! x2 2 gnolls come into view.
The gnoll shouts! x4
A gnoll comes into view. It is wielding a +0 club.
You hear a shout!
You hear an angry hiss.
Ijyb the Twisted Goblin comes into view.
She is wielding a +0 dagger, wearing a +1 chain mail of willpower and carrying a wand of flame (26).
Ijyb shouts!
An adder comes into view.
A ball python comes into view.
Casting: Frozen Ramparts (safe; 1% risk of failure)
Confirm with . or Enter, or press ? or * to list all spells.
Casting: Frozen Ramparts (safe; 1% risk of failure)
Press: ? - help, Dir - look around, f - activate You miscast Frozen Ramparts.
You are very lightly contaminated with residual magic.
Nothing appears to happen.
Ijyb zaps a wand.
The puff of flame hits you!
Casting: Frozen Ramparts (safe; 1% risk of failure)
Confirm with . or Enter, or press ? or * to list all spells.
Casting: Frozen Ramparts (safe; 1% risk of failure)
Press: ? - help, Dir - look around, f - activate The walls around you are covered in ice.
The gnoll bouda barks out a call to the hunt!
The gnolls pick up the pace!
The wall freezes the gnoll.
Ijyb zaps a wand.
The puff of flame hits you!
You hear a shout!
Your frozen ramparts will break if you move.
Continue?
The frozen ramparts melt away as you move.
The gnoll barely misses you.
There are monsters nearby!
The gnoll attacks as you move away! The gnoll closely misses you.
The gnoll hits you with a +0 whip. The gnoll attacks as you move away!
The gnoll completely misses you. The gnoll misses you.
The gnoll hits you with a +2 whip of electrocution.
You are electrocuted!!
* * * LOW HITPOINT WARNING * * *
The gnoll hits you with a +0 flail!
You die...

..#.......#.....
.#...8.g.8.g.#...
...#.......#....
#...#.8.#g.....
.##.....gg#####
#...#S#.S...##
#.?...ggg....#
#....#ggg....#
#......@.....#
#....#.......#
#....+.......#
##...##.<.)..#∆
###+ ####+### ∆


You could see Ijyb, a gnoll bouda, 8 gnolls, an adder, a goblin (wandering) and
a ball python.

Vanquished Creatures
  A howler monkey (D:3)
  Jessica (D:2)
  Natasha (thrice) (D:2)
  2 adders
  A worm (D:2)
  3 dart slugs
  7 orcs (D:3)
  2 bats
  3 endoplasms
  4 giant cockroaches (D:1)
  5 goblins
  2 hobgoblins
  2 ball pythons
  5 frilled lizards
  5 kobolds
  A rat (D:3)
47 creatures vanquished.

Notes
Turn   | Place    | Note
-------+----------+-------------------------------------------
     0 | D:1      | juncz the Gnoll Ice Elementalist began the quest for the
                  | Orb.
     0 | D:1      | Reached XP level 1. HP: 13/13 MP: 6/6
   104 | D:1      | Found a faded altar of an unknown god.
   346 | D:1      | Reached XP level 2. HP: 19/19 MP: 7/7
   924 | D:2      | Reached skill level 5 in Spellcasting
   924 | D:2      | Reached XP level 3. HP: 21/25 MP: 3/9
   929 | D:2      | Learned a level 3 spell: Frozen Ramparts
   933 | D:2      | Learned a level 3 spell: Ozocubu's Armour
  1183 | D:2      | Noticed Natasha
  1193 | D:2      | Killed Natasha
  1194 | D:2      | Reached skill level 1 in Fighting
  1194 | D:2      | Reached skill level 1 in Short Blades
  1194 | D:2      | Reached skill level 1 in Long Blades
  1194 | D:2      | Reached skill level 1 in Axes
  1194 | D:2      | Reached skill level 1 in Maces & Flails
  1194 | D:2      | Reached skill level 1 in Polearms
  1194 | D:2      | Reached skill level 1 in Staves
  1194 | D:2      | Reached skill level 1 in Ranged Weapons
  1194 | D:2      | Reached skill level 1 in Throwing
  1194 | D:2      | Reached skill level 1 in Armour
  1194 | D:2      | Reached skill level 1 in Shields
  1194 | D:2      | Reached skill level 1 in Unarmed Combat
  1194 | D:2      | Reached skill level 1 in Invocations
  1194 | D:2      | Reached skill level 1 in Evocations
  1338 | D:2      | Noticed Jessica
  1343 | D:2      | Killed Jessica
  1344 | D:2      | Reached skill level 1 in Conjurations
  1344 | D:2      | Reached skill level 1 in Hexes
  1344 | D:2      | Reached skill level 1 in Summonings
  1344 | D:2      | Reached skill level 1 in Necromancy
  1344 | D:2      | Reached skill level 1 in Translocations
  1344 | D:2      | Reached skill level 1 in Transmutations
  1344 | D:2      | Reached skill level 1 in Fire Magic
  1344 | D:2      | Reached skill level 1 in Air Magic
  1344 | D:2      | Reached skill level 1 in Earth Magic
  1344 | D:2      | Reached skill level 1 in Poison Magic
  1344 | D:2      | Reached XP level 4. HP: 28/32 MP: 8/11
  1802 | D:2      | Noticed Natasha
  2140 | D:2      | Killed Natasha
  2183 | D:2      | Noticed Natasha
  2188 | D:2      | Killed Natasha
  2189 | D:2      | Reached XP level 5. HP: 37/37 MP: 7/12
  3407 | D:4      | Found a staircase to the Ecumenical Temple.
  3413 | D:4      | Noticed Ijyb
  3421 | D:4      | Slain by a gnoll

Illustrated notes

Levels and vault maps discovered:
D:1:      eino_arrival_water_star, layout_loops_cross,
          hellmonk_ecumenical_altar_defaced_shrine
D:2:      layout_basic, uniq_natasha, uniq_jessica
D:3:      layout_basic, chequers_serial_rivers_room_b
D:4:      layout_gridville, gammafunk_temple_overflow_wave,
          minmay_temple_entry_sparse_star, uniq_ijyb, uniq_robin, uniq_menkaure

Skill      XL: |  1  2  3  4  5 |
---------------+----------------+-----
Spellcasting   | 5 |  5.3
Fighting       | 1 |  1.8
Short Blades   | 1 |  1.8
Long Blades    | 1 |  1.8
Axes           | 1 |  1.8
Maces & Flails | 1 |  1.8
Polearms       | 1 |  1.8
Staves         | 1 |  1.8
Ranged Weapons | 1 |  1.8
Throwing       | 1 |  1.8
Armour         | 1 |  1.8
Shields        | 1 |  1.8
Unarmed Combat | 1 |  1.8
Invocations    | 1 2 |  2.0
Evocations     | 1 |  1.8
Conjurations   | 1 |  1.4
Hexes          | 1 |  1.4
Summonings     | 1 |  1.4
Necromancy     | 1 |  1.4
Translocations | 1 |  1.4
Transmutations | 1 |  1.4
Fire Magic     | 1 |  1.4
Air Magic      | 1 |  1.4
Earth Magic    | 1 |  1.4
Poison Magic   | 1 |  1.4
Dodging        | |  4.9
Stealth        | |  4.5
Ice Magic      | |  7.2

Action                   |  1- 3 |  4- 6 || total
-------------------------+-------+-------++-------
Melee: Whip              |     8 |     3 ||    11
       Bite              |       |     1 ||     1
 Cast: Freeze            |    29 |    27 ||    56
       Frozen Ramparts   |       |    10 ||    10
 Stab: Sleeping          |     1 |     2 ||     3
Armor: Robe              |     9 |     1 ||    10
Dodge: Dodged            |    14 |    12 ||    26
